 Dungeon Crawl Stone Soup version 0.29-a0-322-g68df515428 (webtiles) character file.

Game seed: 8772562658292019976

1333 siradein the Caller (level 8, -3/54 HPs)
             Began as an Octopode Summoner on Apr 6, 2022.
             Was an Initiate of Gozag.
             Slain by an orc warrior
             ... wielding a +0 long sword
              (17 damage)
             ... on level 7 of the Dungeon.
             The game lasted 00:29:30 (9252 turns).

siradein the Caller (Octopode Summoner)             Turns: 9252, Time: 00:29:31

Health: -3/54      AC:  1    Str: 14    XL:     8   Next: 61%
Magic:  8/12       EV: 15    Int: 19    God:    Gozag
Gold:   473        SH:  0    Dex: 18    Spells: 3/13 levels left

rFire   . . .      SeeInvis .   n - -2 demon trident
rCold   . . .      Faith    .   (no shield)
rNeg    . . .      Spirit   .   (helmet restricted)
rPois   .          Reflect  .   (no amulet)
rElec   .          Harm     .   f - +6 ring of strength
rCorr   .          Rampage  .   g - +6 ring of dexterity
Will    .....                   (no ring)
Stlth   +++.......              (no ring)
HPRegen 0.18/turn               (no ring)
MPRegen 0.13/turn               (no ring)
                                (no ring)
                                (no ring)

@: no status effects
A: almost no armour, amphibious, 8 rings, camouflage 1, gelatinous body 1,
(nimble swimmer 1), tentacles
a: Renounce Religion, Potion Petition, Call Merchant, Bribe Branch


You were on level 7 of the Dungeon.
You worshipped Gozag.
Gozag was aware of your devotion.
You visited 2 branches of the dungeon, and saw 8 of its levels.

You collected 635 gold pieces.
You spent 65 gold pieces at shops.
You paid 97 gold pieces to Gozag.

Inventory:

Hand Weapons
 n - a -2 demon trident (weapon)
Missiles
 d - 29 poisoned darts
Jewellery
 f - a +6 ring of strength (left tentacle)
 g - a +6 ring of dexterity (right tentacle)
 t - an amulet of reflection
Wands
 u - a wand of flame (22)
 v - a wand of iceblast (7)
Scrolls
 b - a scroll of amnesia
 j - a scroll of brand weapon {unknown}
 l - a scroll of magic mapping
 o - 2 scrolls of blinking {unknown}
 p - a scroll of vulnerability {unknown}
 q - a scroll of immolation {unknown}
Potions
 a - a potion of magic
 c - 3 potions of flight {unknown}
 e - a potion of resistance {unknown}
 h - 3 potions of might
 i - 2 potions of heal wounds
 k - 2 potions of curing
 m - a potion of mutation {unknown}
 r - a potion of lignification {unknown}
 s - a potion of attraction {unknown}


   Skills:
 + Level 3.8 Fighting
 + Level 4.3 Dodging
 - Level 2.6 Stealth
 + Level 3.8 Unarmed Combat
 + Level 3.2 Spellcasting
 + Level 7.2 Summonings
 + Level 2.6 Air Magic


You had 3 spell levels left.
You knew the following spells:

 Your Spells              Type           Power      Damage    Failure   Level
a - Summon Small Mammal   Summ           100%       N/A       1%          1
b - Call Imp              Summ           30%        N/A       1%          2
c - Call Canine Familiar  Summ           30%        N/A       2%          3
d - Summon Lightning Spi  Summ/Air       22%        N/A       19%         4

Your spell library contained the following spells:

 Spells                   Type           Power      Damage    Failure   Level
 Summon Guardian Golem    Hex/Summ       16%        N/A       10%         3
 Swiftness                Air            13%        N/A       14%         3
 Animate Skeleton         Necr           6%         N/A       16%         1
 Apportation              Tloc           6%         N/A       16%         1
 Pain                     Necr           12%        1d4       16%         1
 Ensorcelled Hibernation  Hex/Ice        6%         N/A       22%         2
 Passwall                 Tmut/Erth      2%         N/A       22%         2
 Dazzling Flash           Conj/Hex       6%         N/A       41%         3
 Silence                  Hex/Air        4%         N/A       94%         5
 Agony                    Necr           3%         N/A       99%         5
 Excruciating Wounds      Necr           1%         N/A       99%         5


Dungeon Overview and Level Annotations

Branches:
Dungeon (7/15)             Temple (1/1) D:5

Altars:
Dithmenos
Elyvilon
Fedhas
Gozag
Hepliaklqana
Kikubaaqudgha
Nemelex Xobeh
Okawaru
Qazlal
Sif Muna
Vehumet
Wu Jian
Yredelemnul

Shops:
D:4 *


Innate Abilities, Weirdness & Mutations

You cannot wear most types of armour.
You are amphibious.
You can wear up to eight rings at the same time.
Your skin changes colour to match your surroundings (Stealth+).
Your rubbery body absorbs attacks. (AC +1, EV +1)
((You are camouflaged when in or above water. (Stealth+)))
You have tentacles for arms and can constrict up to eight enemies at once.


Message History

Your wolf disappears in a puff of smoke!
The orc warrior attacks as you move away!
The orc warrior hits you with a +0 long sword!
You hear a shout!
There is an open door here.
The orc warrior hits you with a +0 long sword!
The orc warrior attacks as you move away!
The orc warrior hits you with a +0 long sword!
Your hound bites the orc warrior but does no damage.
Things that are here:
a +2 dagger of venom; a +0 robe Your hound bites the orc warrior.
Your hound bites the orc warrior but does no damage.
Your hound barely misses the orc warrior.
Your hound bites the orc warrior but does no damage.
As you open the door, it creaks loudly!
The orc wizard hits your hound with a +0 dagger.
The orc warrior hits you with a +0 long sword.
* * * LOW HITPOINT WARNING * * *
Your hound bites the orc wizard.
The orc warrior attacks as you move away!
The orc warrior closely misses you.
Your hound barely misses the orc wizard.
The orc wizard barely misses your hound.
Your hound barely misses the orc wizard.
There is an open door here.
Casting: Call Canine Familiar (dangerous; 2% risk of failure)
Confirm with . or Enter, or press ? or * to list all spells.
A beastly little devil appears in a puff of flame.
The orc wizard casts a spell.
The orc wizard flickers and vanishes!
Deactivating autopickup; reactivate with Ctrl-A.
The orc warrior closely misses you.
Your hound barely misses something.
Your crimson imp hits the orc warrior.
Your hound barely misses the orc warrior.
Your crimson imp hits the orc warrior but does no damage.
The orc warrior attacks as you move away!
The orc warrior hits you with a +0 long sword!
You die...
Your body crumbles into a pile of gold.

+...'.#)).....#.+.#....# #.
#####h#'#...#+#.###.##.# #.
#.....#...#.....#.##.# #.
+.....##'##.....'.##.## #.
#.....#...#.....###...# #.
###.#+#...#+#.#####.#.###.
$+.#.......#.'...+.#..##.
#####5).#####...####.##.
#.'ho@'.#....(..##..#.
#+#{#####.#'#...#+###.#.
#.....#.....#...#.# #...
##+##{h...+.....#####.####..
#.o.#.)...#.....#..........>
#+#...#'#.#####.#+#.##########
#.......#.'...+.#.#.#
###...#####...###...# +...
#.......###.#


You could see an orc warrior (ally target), a friendly hound (summoned) and a
friendly crimson imp (summoned).

Vanquished Creatures
  Eustachio (D:4)
  A kobold brigand (D:7)
  An iguana (D:6)
  2 orc wizards (D:7)
  2 adders
  A white imp (D:5)
  2 ufetubi
  4 orcs
  2 ball pythons (D:3)
  A giant cockroach (D:1)
  2 hobgoblins
  2 kobolds
  4 bats
  A frilled lizard (D:3)
  4 rats
30 creatures vanquished.

Vanquished Creatures (collateral kills)
  An orc warrior (D:4)
  An ice beast (D:7)
  2 ogres (D:5)
  A centaur (D:6)
  A necrophage (D:6)
  2 howler monkeys
  2 jellies (D:5)
  2 orc priests
  A hound (D:5)
  2 iguanas
  4 orc wizards
  4 adders
  A shadow imp (D:6)
  An ufetubus (D:5)
  2 worms (D:3)
  A dart slug (D:3)
  17 orcs
  4 bats
  5 endoplasms
  3 giant cockroaches
  3 goblins
  4 hobgoblins
  4 jackals (D:3)
  6 kobolds
  A quokka (D:3)
  5 ball pythons
  4 frilled lizards
  5 rats
89 creatures vanquished.

Vanquished Creatures (others)
  A phantom (D:6)
  A withered plant (D:3)
2 creatures vanquished.

Grand Total: 121 creatures vanquished

Notes
Turn   | Place    | Note
-------+----------+-------------------------------------------
     0 | D:1      | siradein the Octopode Summoner began the quest for the Orb.
     0 | D:1      | Reached XP level 1. HP: 11/11 MP: 3/3
   238 | D:1      | Reached XP level 2. HP: 12/17 MP: 5/5
   241 | D:1      | Learned a level 2 spell: Call Imp
  1094 | D:1      | Found a faded altar of an unknown god.
  1319 | D:2      | Reached XP level 3. HP: 21/21 MP: 3/6
  1323 | D:2      | Learned a level 3 spell: Call Canine Familiar
  1377 | D:2      | Reached skill level 5 in Summonings
  2754 | D:3      | Reached XP level 4. HP: 21/27 MP: 7/7
  3079 | D:3      | Found a blossoming altar of Fedhas.
  3080 | D:3      | Found an ancient bone altar of Kikubaaqudgha.
  3416 | D:4      | Found Hetunele's Lightly-Used Armoury.
  3423 | D:4      | Bought a -2 demon trident for 65 gold pieces
  3458 | D:4      | Reached skill level 6 in Summonings
  3809 | D:4      | Noticed an orc warrior
  3809 | D:4      | Noticed Eustachio
  4232 | D:4      | Killed Eustachio
  4233 | D:4      | Reached skill level 1 in Fighting
  4233 | D:4      | Reached skill level 1 in Unarmed Combat
  4233 | D:4      | Reached XP level 5. HP: 25/33 MP: 1/8
  4233 | D:4      | Reached XP level 6. HP: 28/38 MP: 1/9
  4942 | D:5      | Entered Level 5 of the Dungeon
  5259 | D:5      | Found a staircase to the Ecumenical Temple.
  5267 | Temple   | Entered the Ecumenical Temple
  5294 | Temple   | Became a worshipper of Gozag Ym Sagoz the Greedy
  5511 | D:5      | Reached XP level 7. HP: 45/45 MP: 10/10
  5524 | D:5      | Learned a level 4 spell: Summon Lightning Spire
  6024 | D:5      | Reached skill level 1 in Air Magic
  6318 | D:6      | Identified the +5 scale mail of the Furrier {rF+}
  7052 | D:6      | Reached XP level 8. HP: 24/52 MP: 6/11
  7398 | D:6      | Reached skill level 7 in Summonings
  7814 | D:6      | Noticed a boulder beetle
  9252 | D:7      | Slain by an orc warrior

Illustrated notes

Levels and vault maps discovered:
D:1:      heliophobic_arrival_ceremonial_halls, layout_loops_ring,
          hellmonk_ecumenical_altar_inner_sanctum
D:2:      kb_forest_paths, layout_loops_corners, serial_glass, glass_columns_a,
          glass_columns_c, minmay_strange_pillars, due_unseen_surprise,
          minmay_strange_pillars, grunt_decor_cap, minmay_domino_4
D:3:      minmay_diamond_boxcup, layout_rooms,
          grunt_temple_overflow_growth_and_decay
D:4:      layout_loops_ring, minmay_shop_damaged, kennysheep_minor_cross,
          uniq_eustachio
D:5:      layout_loops_ring, minmay_temple_entry_ruins,
          kennysheep_generic_room_16
D:6:      layout_loops_ring, nicolae_overflow_hidden_temple, lemuel_old_faithful
D:7:      nicolae_cairo_tiling_large, layout_basic, general_overflow_altar
Temple:   eino_narrow_crystal_temple

Skill      XL: |  1  2  3  4  5  6  7  8 |
---------------+-------------------------+-----
Summonings     | 5 6 7 |  7.2
Fighting       | 1 2 3 |  3.8
Unarmed Combat | 1 2 3 |  3.8
Dodging        | 3 4 |  4.3
Air Magic      | 1 2 |  2.6
Spellcasting   | 3 |  3.2
Stealth        | |  2.6

Action                   |  1- 3 |  4- 6 |  7- 9 || total
-------------------------+-------+-------+-------++-------
Melee: Dagger            |    18 |     9 |       ||    27
       Tentacles         |     5 |     3 |    10 ||    18
       Constrict         |     5 |     7 |     9 ||    21
       Demon trident     |       |    25 |    51 ||    76
       Punch             |       |       |     1 ||     1
 Cast: Summon Small Mamm |     4 |     2 |       ||     6
       Call Imp          |    25 |     9 |     6 ||    40
       Call Canine Famil |       |    23 |    44 ||    67
  Use: Scroll            |       |       |     5 ||     5
       Potion            |       |       |     1 ||     1
 Stab: Sleeping          |     3 |     1 |     1 ||     5
       Distracted        |     1 |       |     3 ||     4
Armor: Skin              |     3 |     5 |     5 ||    13
Dodge: Dodged            |     7 |    22 |    59 ||    88

Table legend: (Time is in decaauts)
 A = Elapsed time spent in this place.
 B = Non-inter-level travel time spent in this place.
 C = Inter-level travel time spent in this place.
 D = Time resting spent in this place.
 E = Time spent auto-exploring this place.
 F = Levels seen in this place.
 G = Mean time per level.
                   A        B        C        D        E       F      G
               +--------+--------+--------+--------+--------+-----+--------+
         Total |   9296 |   9024 |    272 |   1712 |   5502 |   8 | 1162.0 |
       Dungeon |   9253 |   8981 |    272 |   1712 |   5484 |   7 | 1321.9 |
        Temple |     42 |     42 |      0 |      0 |     18 |   1 |   42.0 |
               +--------+--------+--------+--------+--------+-----+--------+

Top non-repeatable levels by time:
     D:5: 2494 daAuts
     D:4: 1465 daAuts
     D:2: 1387 daAuts
     D:3: 1330 daAuts
     D:1: 1196 daAuts
     D:7: 700 daAuts
     D:6: 678 daAuts
  Temple: 42 daAuts
